[Event "WYCC 2018 O16"]
[Site "Halkidiki"]
[Date "2018.10.23"]
[Round "5"]
[White "Sahidi, Samir"]
[Black "Fainman, Tomer"]
[Result "1/2-1/2"]
[ECO "B10"]
[WhiteElo "2315"]
[BlackElo "2054"]
[Annotator "ChessBase"]
[PlyCount "139"]
[EventDate "2018.10.20"]
[EventType "swiss"]
[EventCountry "GRE"]
[SourceTitle "playchess.com"]
[Source "ChessBase"]
[SourceQuality "1"]
[TimeControl "40/5400+30:1800+30"]

1. e4 c6 2. Nc3 d5 3. Nf3 dxe4 4. Nxe4 Nf6 5. Nxf6+ exf6 6. Bc4 Qe7+ 7. Qe2 Qxe2+ 8. Bxe2 Bd6 9. O-O O-O 10. d4 Bg4 11. h3 Bh5 12. Bd2 Re8 13. Rfe1 Nd7 14. Kf1 Nf8 15. Nh4 Bxe2+ 16. Rxe2 g6 17. Nf3 Ne6 18. Rd1 Rad8 19. g3 Bf8 20. Be3 Rd7 21. Red2 Red8 22. c3 a5 23. Ne1 b5 24. Nd3 Bd6 25. Kg2 Kg7 26. Rc1 Bb8 27. a4 bxa4 28. Rdc2 a3 29. b4 Bd6 30. Ra2 axb4 31. cxb4 Be7 32. Nc5 Bxc5 33. dxc5 Rd3 34. Rca1 Rb3 35. Rxa3 Rxb4 36. Ra6 Rc8 37. R1a5 Nd4 38. Ra7 Nb3 39. Ra4 Rb5 40. Rc4 h5 41. h4 Re8 42. Rc7 Ra8 43. Rxc6 Na5 44. Ra4 Nxc6 45. Rxa8 Rb8 46. Ra3 Kf8 47. Bf4 Ne5 48. Ra6 Rc8 49. Be3 Nd3 50. Ra5 Ke7 51. Bd4 Rc6 52. Kf3 Ke6 53. Ke4 Ne5 54. Ra3 Nd7 55. Ra5 Ne5 56. Rb5 f5+ 57. Kf4 Nd3+ 58. Kg5 Ne5 59. Bxe5 Kxe5 60. f4+ Ke4 61. Kh6 Kf3 62. Rb3+ Kg4 63. Kg7 Rxc5 64. Kxf7 Rc6 65. Kg7 Rd6 66. Kf7 Rc6 67. Rd3 Rb6 68. Rc3 Ra6 69. Re3 Rb6 70. Ra3 1/2-1/2

[Event "WYCC 2018 O16"]
[Site "Halkidiki"]
[Date "2018.10.23"]
[Round "5"]
[White "Bekturov, Tamerlan"]
[Black "Onslow, Alfie"]
[Result "1-0"]
[ECO "D39"]
[WhiteElo "2297"]
[BlackElo "2037"]
[Annotator "NA"]
[PlyCount "99"]
[EventDate "2018.10.20"]
[EventType "swiss"]
[EventCountry "GRE"]
[SourceTitle "playchess.com"]
[Source "ChessBase"]
[SourceQuality "1"]
[TimeControl "40/5400+30:1800+30"]

1. d4 d5 2. c4 e6 3. Nc3 Bb4 4. Nf3 Nf6 5. Bg5 dxc4 6. e3 {[%emt 0:04:19] D39: Queen's Gambit Declined: Ragozin Defence with 5 Bg5 dxc4} (6. e4 c5 7. Bxc4 cxd4 8. Nxd4 Bxc3+ 9. bxc3 Qa5 10. Bb5+ Nbd7 11. Bxf6 Qxc3+ 12. Kf1 gxf6 13. h4 Qb4 14. Rh3 a6 15. Be2 Ne5 16. Rb1 Qd6 17. Rc3 O-O 18. Qd2 Ng6 19. h5 Nf4 20. Qe3 e5 21. Nc2 {½-½ (33) Grischuk,A (2766)-Karjakin,S (2773) Saint Louis 2018}) 6... b5 7. Be2 Bb7 8. O-O a6 9. a4 Nbd7 10. Qc2 $146 ({Predecessor:} 10. Bxf6 gxf6 11. axb5 Bxc3 12. bxa6 Bxb2 13. Rb1 Bxf3 14. Bxf3 {0-1 (24) Rocha,S (2364)-Iruzubieta Villaluenga,J (2428) Leiria 2017}) 10... Bxc3 11. bxc3 Nb6 12. Qb2 Qd5 13. Rfb1 Bc6 14. axb5 axb5 15. Rxa8+ Nxa8 16. Qb4 Nb6 17. Bf1 Qd6 18. Ne5 Qxb4 19. Rxb4 Nfd5 20. Nxc6 Nxb4 21. Nxb4 Nd5 22. Nxd5 exd5 23. f3 f5 24. Kf2 Kd7 25. e4 fxe4 26. fxe4 Rf8+ 27. Ke2 dxe4 28. g3 Ra8 29. Bd2 Ra2 30. Ke3 c5 31. dxc5 Kc6 32. Bg2 Kxc5 33. Bxe4 h6 34. Bg6 Kd5 35. h4 Rb2 36. g4 Ke5 37. h5 Kd5 38. Be1 Rb3 39. Bf7+ Ke5 40. Bg8 Ra3 41. Bg3+ Kf6 42. Kd4 Kg5 43. Be5 Kxg4 44. Bf7 Rb3 45. Kc5 b4 46. cxb4 Rf3 47. Bxc4 Re3 48. Kd4 Re1 49. Bf7 Rc1 $18 50. Bg6 1-0

[Event "WYCC 2018 O16"]
[Site "Halkidiki"]
[Date "2018.10.23"]
[Round "5"]
[White "Stevanic, David"]
[Black "Kim, Yunseo"]
[Result "1/2-1/2"]
[ECO "B13"]
[WhiteElo "2281"]
[BlackElo "1995"]
[Annotator "NA"]
[PlyCount "129"]
[EventDate "2018.10.20"]
[EventType "swiss"]
[EventCountry "GRE"]
[SourceTitle "playchess.com"]
[Source "ChessBase"]
[SourceQuality "1"]
[TimeControl "40/5400+30:1800+30"]

1. e4 c6 2. d4 d5 3. exd5 cxd5 4. c4 Nf6 5. Nc3 Nc6 6. Bg5 e6 7. Nf3 Be7 8. c5 O-O 9. Bb5 Ne4 10. Bxe7 Nxe7 11. O-O Nxc3 12. bxc3 b6 13. cxb6 Qxb6 14. Rb1 Ba6 15. a4 Bxb5 16. Rxb5 $15 Qc7 17. Qb3 Rab8 18. Rb1 Nc6 19. h3 Rxb5 20. axb5 Na5 21. Qa3 Nc4 22. Qc5 Qa5 23. Ne5 Nxe5 24. dxe5 h6 25. Rb4 Rb8 26. Kh2 Qb6 27. Qxb6 Rxb6 28. h4 h5 29. Kg3 g6 30. Kf4 a6 31. bxa6 Rxa6 32. Kg5 Kg7 33. g4 hxg4 34. h5 gxh5 35. Kxh5 Rc6 36. Rxg4+ Kf8 37. Rg3 Ke7 38. Kg5 Rc8 39. Kh6 Rh8+ 40. Kg7 Rh5 41. f4 Rh4 42. Rf3 Rg4+ 43. Kh6 f6 44. Kh5 Rg1 45. Re3 fxe5 46. fxe5 Kd7 47. c4 dxc4 48. Rc3 Kc6 49. Rxc4+ Kd5 50. Rc2 Kxe5 51. Re2+ Kf6 52. Rf2+ Ke7 53. Re2 Kf7 54. Rf2+ Ke8 55. Rd2 Ke7 56. Re2 Rg8 57. Re1 Kd6 58. Rd1+ Kc5 59. Re1 Kd5 60. Rd1+ Kc4 61. Re1 Re8 62. Kg4 e5 63. Kf5 Rf8+ 64. Ke4 Kc3 65. Ra1 1/2-1/2

[Event "WYCC 2018 O16"]
[Site "Halkidiki"]
[Date "2018.10.23"]
[Round "5"]
[White "Faerber, David"]
[Black "Wijesinghe, N L C Dojitha"]
[Result "0-1"]
[ECO "B78"]
[WhiteElo "2279"]
[BlackElo "1688"]
[Annotator "NA"]
[PlyCount "108"]
[EventDate "2018.10.20"]
[EventType "swiss"]
[EventCountry "GRE"]
[SourceTitle "playchess.com"]
[Source "ChessBase"]
[SourceQuality "1"]
[TimeControl "40/5400+30:1800+30"]

1. e4 c5 2. Nf3 d6 3. d4 cxd4 4. Nxd4 Nf6 5. Nc3 g6 6. Be3 Bg7 7. f3 O-O 8. Qd2 Nc6 9. Bc4 Bd7 10. O-O-O Qa5 11. Kb1 Ne5 12. Bb3 Rfc8 13. Bg5 Rc5 14. f4 {[%emt 0:12:21] LiveBook: 3 Games} Nc4 15. Bxc4 Rxc4 16. Nb3 {[%emt 0:12:54] [#]} Qxc3 $15 17. bxc3 Nxe4 18. Qe3 Nxc3+ 19. Kc1 Nxa2+ 20. Kd2 Bf5 21. Qxe7 Re4 22. Qxe4 Bxe4 23. Ra1 Bxg2 24. Rhg1 Bxa1 25. Rxa1 Nb4 26. Nd4 Nc6 27. Nb5 Kg7 28. f5 f6 29. Bf4 Rd8 30. fxg6 hxg6 31. Nxa7 Ra8 32. Be3 Nxa7 33. Bxa7 Kf7 34. Kc3 f5 35. Kd4 Kf6 36. Ke3 Ke6 37. Kf4 Kd7 38. Ra5 Kc6 39. Bb6 Rxa5 40. Bxa5 Be4 41. c3 b6 42. Bb4 Kd5 43. h4 Ke6 44. Kg5 Ke5 45. h5 gxh5 46. Kxh5 Kd5 47. Kg5 Kc4 48. Bxd6 Kxc3 49. Be5+ Kb3 50. Kf4 b5 51. Ke3 b4 52. Bd6 Kc3 53. Be5+ Kc2 54. Bd6 b3 0-1

[Event "WYCC 2018 O16"]
[Site "Halkidiki"]
[Date "2018.10.23"]
[Round "5"]
[White "De Waele, Warre"]
[Black "Stoleriu, George"]
[Result "1-0"]
[ECO "E16"]
[WhiteElo "2272"]
[BlackElo "2362"]
[Annotator "NA"]
[PlyCount "63"]
[EventDate "2018.10.20"]
[EventType "swiss"]
[EventCountry "GRE"]
[SourceTitle "playchess.com"]
[Source "ChessBase"]
[SourceQuality "1"]
[TimeControl "40/5400+30:1800+30"]

1. d4 e6 2. c4 Nf6 3. Nf3 Bb4+ 4. Bd2 Qe7 5. g3 O-O 6. Bg2 Bxd2+ 7. Qxd2 d6 8. O-O e5 9. Nc3 c6 10. e4 Na6 11. h3 Re8 12. Rfe1 {[%emt 0:03:09] LiveBook: 5 Games} Qc7 13. Rac1 Be6 14. b3 Rad8 15. Nd5 cxd5 16. cxd5 Qb6 17. dxe6 $14 Rxe6 18. a3 Ree8 19. b4 Nc7 20. a4 Na6 21. b5 Nb8 22. Bf1 a5 23. Bc4 h6 24. Qa2 Rd7 25. Rcd1 exd4 26. e5 d5 27. exf6 Rxe1+ 28. Rxe1 dxc4 29. Re8+ Kh7 30. Qxc4 d3 31. Qe4+ g6 32. Qh4 1-0

[Event "WYCC 2018 O16"]
[Site "Halkidiki"]
[Date "2018.10.23"]
[Round "5"]
[White "Semjonovs, Ilja"]
[Black "Katopodis, Dimitrios"]
[Result "1-0"]
[ECO "C41"]
[WhiteElo "2245"]
[BlackElo "2310"]
[Annotator "NA"]
[PlyCount "65"]
[EventDate "2018.10.20"]
[EventType "swiss"]
[EventCountry "GRE"]
[SourceTitle "playchess.com"]
[Source "ChessBase"]
[SourceQuality "1"]
[TimeControl "40/5400+30:1800+30"]

1. e4 d6 2. d4 Nf6 3. Nc3 e5 4. Nf3 Nbd7 5. Bc4 Be7 6. O-O O-O 7. a4 c6 8. a5 Nxe4 {[%emt 0:05:09] C41: Philidor Defence} 9. Nxe4 d5 10. a6 dxe4 11. axb7 Bxb7 12. Nxe5 Nb6 $146 ({Black should play Predecessor:} 12... c5 $14 13. Qh5 Nxe5 14. dxe5 Qd4 15. Ra4 g6 16. Qh3 Qxe5 {0-1 (32) Edouard,R (2659)-Bortnyk,O (2533) Wroclaw 2014}) 13. Bb3 Nd5 14. f3 exf3 15. Qxf3 Bf6 16. c4 Ne7 17. Be3 Qb6 18. Bc2 Bxe5 19. dxe5 c5 20. Qf2 Qe6 21. Bxc5 Rfc8 22. b3 a5 23. Rad1 Rd8 24. Rd6 Rxd6 25. exd6 Ng6 26. Bf5 $18 Qf6 27. d7 Ne5 28. Bb6 g6 29. Bh3 Qe7 30. Qf6 Qxf6 31. Rxf6 Nc6 32. Rxc6 Bxc6 33. d8=Q+ 1-0

[Event "WYCC 2018 O16"]
[Site "Halkidiki"]
[Date "2018.10.23"]
[Round "5"]
[White "Juksta, Karolis"]
[Black "Ibrahimli, Murad"]
[Result "0-1"]
[ECO "E45"]
[WhiteElo "2234"]
[BlackElo "2379"]
[Annotator "NA"]
[PlyCount "70"]
[EventDate "2018.10.20"]
[EventType "swiss"]
[EventCountry "GRE"]
[SourceTitle "playchess.com"]
[Source "ChessBase"]
[SourceQuality "1"]
[TimeControl "40/5400+30:1800+30"]

1. d4 {[%emt 0:00:00] Wells,P} Nf6 2. c4 e6 3. Nc3 Bb4 4. e3 b6 5. Nge2 Ba6 6. Ng3 Bxc3+ 7. bxc3 d5 8. Ba3 dxc4 {[%emt 0:11:07] E45: Nimzo-Indian: Rubinstein: 4...b6 5 Ne2 Ba6} 9. e4 Qd7 10. Be2 Nc6 11. Qc2 O-O-O 12. O-O h5 13. Rfb1 $146 ({Predecessor:} 13. Rfd1 Ne7 14. Bc1 Rdg8 15. Nf1 g5 16. Ne3 {1-0 (39) Graf,A (2623)-Cvek,R (2430) Leipzig 2002 CBM 089 [Wells,P]}) 13... h4 14. Nf1 Nh5 15. Ne3 Nf4 16. Bxc4 Bxc4 17. Nxc4 f5 18. Bc1 g5 19. f3 $11 (19. a4 $1 $14) 19... fxe4 20. fxe4 Qh7 21. h3 e5 22. Bxf4 gxf4 23. Nxe5 Nxe5 24. dxe5 Qe7 25. a4 f3 26. Rf1 fxg2 27. Rf3 Qxe5 28. a5 Rhf8 29. Qf2 Rxf3 30. Qxf3 Rg8 31. axb6 Qc5+ 32. Qf2 Qxf2+ 33. Kxf2 g1=Q+ 34. Rxg1 Rxg1 35. Kxg1 a5 0-1

[Event "WYCC 2018 O16"]
[Site "Halkidiki"]
[Date "2018.10.23"]
[Round "5"]
[White "Wang, Yanbin"]
[Black "Baenziger, Fabian"]
[Result "1/2-1/2"]
[ECO "A10"]
[WhiteElo "2220"]
[BlackElo "2355"]
[Annotator "NA"]
[PlyCount "81"]
[EventDate "2018.10.20"]
[EventType "swiss"]
[EventCountry "GRE"]
[SourceTitle "playchess.com"]
[Source "ChessBase"]
[SourceQuality "1"]
[TimeControl "40/5400+30:1800+30"]

1. c4 g6 2. Nc3 Bg7 3. g3 Nf6 4. Bg2 O-O 5. d4 c5 6. d5 d6 7. Nf3 e6 8. dxe6 Bxe6 9. Ng5 Nc6 10. Nxe6 fxe6 11. O-O Qe7 12. Bf4 Rad8 $14 {[%emt 0:01:51] LiveBook: 7 Games} 13. Qd2 Kh8 14. Bxc6 bxc6 15. Rad1 d5 16. Bg5 Qc7 17. Qd3 Qe5 18. Bxf6 Qxf6 19. e4 Qd4 20. cxd5 Qxd3 21. Rxd3 c4 22. Rd2 cxd5 23. exd5 exd5 24. Nxd5 Bxb2 25. Rxb2 Rxd5 26. Rc1 Rc8 27. Rc3 Rd3 28. Rxd3 cxd3 29. Rd2 Rc2 30. Rxd3 Rxa2 31. Rd7 Kg8 32. Kg2 h5 33. Kf3 Kf8 34. h4 Kg8 35. Ke4 Rxf2 36. Rxa7 Rf5 37. Rd7 Ra5 38. Kf4 Rf5+ 39. Ke4 Ra5 40. Kf4 Rf5+ 41. Ke4 1/2-1/2

[Event "WYCC 2018 O16"]
[Site "Halkidiki"]
[Date "2018.10.23"]
[Round "5"]
[White "Stefan, Victor"]
[Black "Milosevic, Milos"]
[Result "0-1"]
[ECO "E91"]
[WhiteElo "1998"]
[BlackElo "2306"]
[Annotator "NA"]
[PlyCount "132"]
[EventDate "2018.10.20"]
[EventType "swiss"]
[EventCountry "GRE"]
[SourceTitle "playchess.com"]
[Source "ChessBase"]
[SourceQuality "1"]
[TimeControl "40/5400+30:1800+30"]

1. d4 Nf6 2. c4 d6 3. Nc3 g6 4. e4 Bg7 5. Nf3 O-O 6. Be2 Na6 7. O-O e5 8. Be3 {[%emt 0:02:03] LiveBook: 2869 Games} exd4 9. Nxd4 Re8 10. f3 c6 11. Nc2 (11. Qd2 $16) 11... Nc7 {[%emt 0:07:55] E94: King's Indian: Classical: 6 Be2 e5 7 0-0: Various Black 7th moves} (11... d5 12. cxd5 cxd5 13. exd5 Nb4 14. Bf2 Nbxd5 15. Nxd5 Qxd5 16. Qxd5 Nxd5 17. Bb5 Rd8 18. Bh4 Bf6 19. Bxf6 Nxf6 20. Rfd1 Bd7 21. Bxd7 Rxd7 22. Rxd7 Nxd7 {½-½ (31) Lenic,L (2637)-Markus,R (2625) Ljubljana 2012}) 12. Qd2 d5 13. exd5 cxd5 14. c5 Bf5 $146 ({Predecessor:} 14... Bd7 15. Rad1 Bc6 16. b4 Qd7 17. Nd4 a6 18. Rfe1 Re7 19. Bf2 {1-0 (35) Fontaine,Q (2238)-Le Quang,K (2264) Charleroi 2016}) 15. Nd4 Bd7 16. Rac1 Nh5 17. Rfd1 Bf6 18. f4 Ng7 19. Bf3 Bf5 20. g4 Be4 21. Qg2 Bxf3 22. Qxf3 h5 23. h3 Qd7 24. Bf2 Rad8 25. b4 b6 26. c6 Qe7 27. a3 hxg4 28. hxg4 Nge6 29. Kg2 Bxd4 30. Bxd4 Nxd4 31. Rxd4 Qf6 32. Rdd1 Ne6 33. Ne2 Qb2 34. Kg3 Rc8 35. Rb1 Qf6 36. b5 Nc5 37. Rxd5 Ne4+ 38. Kg2 Kg7 39. Rbd1 Qb2 40. R5d4 Nf6 41. R1d2 Qxb5 42. Rc2 Rc7 43. Ng3 Qb1 44. Qc3 Re3 45. Qxe3 Qxc2+ 46. Kh3 Rc8 47. Ne2 Qxc6 48. g5 Qh1+ 49. Kg3 Nh5+ 50. Kf2 Qh2+ $17 51. Ke1 Qh1+ 52. Kf2 Qh4+ 53. Kf1 Qg4 54. Kf2 Kf8 55. Qe5 Ng7 56. Re4 Kg8 57. Qd5 Nf5 58. Qb5 Nd6 59. Qe5 Qh4+ 60. Ke3 Qh3+ 61. Kf2 Qh2+ 62. Ke3 Nxe4 63. Qxe4 Qh3+ 64. Kf2 Qxa3 65. Nd4 Qb4 66. Kg3 Rd8 0-1

[Event "WYCC 2018 O16"]
[Site "Halkidiki"]
[Date "2018.10.24"]
[Round "6"]
[White "Kosakowski, Jakub"]
[Black "Sankalp Gupta"]
[Result "1/2-1/2"]
[ECO "C06"]
[WhiteElo "2413"]
[BlackElo "2352"]
[Annotator "ChessBase"]
[PlyCount "71"]
[EventDate "2018.10.20"]
[EventType "swiss"]
[EventCountry "GRE"]
[SourceTitle "playchess.com"]
[Source "ChessBase"]
[SourceQuality "1"]
[TimeControl "40/5400+30:1800+30"]

1. e4 e6 2. d4 d5 3. Nd2 Nf6 4. e5 Nfd7 5. Bd3 c5 6. c3 Nc6 7. Ne2 cxd4 8. cxd4 f6 9. exf6 Nxf6 10. Nf3 Bd6 11. O-O O-O 12. Bf4 Nh5 13. Bxd6 Qxd6 14. Ng3 Nf4 15. Re1 Bd7 16. Rc1 Rae8 17. Bf1 e5 18. dxe5 Nxe5 19. Nxe5 Rxe5 20. Qd4 Rxe1 21. Rxe1 a6 22. Re3 Bc6 23. Ne4 Qd7 24. Nc5 Qg4 25. Nb3 Rf7 26. Qe5 Bb5 27. Rg3 Qd1 28. Rxg7+ Rxg7 29. Qb8+ Kf7 30. Qxf4+ Kg6 31. Qg3+ Kf5 32. Qh3+ Kf6 33. Qh6+ Kf7 34. Qf4+ Kg6 35. Qg3+ Kh6 36. Qh4+ 1/2-1/2

[Event "WYCC 2018 O16"]
[Site "Halkidiki"]
[Date "2018.10.24"]
[Round "6"]
[White "Gatineau, Yovann"]
[Black "Lund, Gunnar"]
[Result "1/2-1/2"]
[ECO "A41"]
[WhiteElo "2376"]
[BlackElo "2227"]
[Annotator "NA"]
[PlyCount "82"]
[EventDate "2018.10.20"]
[EventType "swiss"]
[EventCountry "GRE"]
[SourceTitle "playchess.com"]
[Source "ChessBase"]
[SourceQuality "1"]
[TimeControl "40/5400+30:1800+30"]

1. d4 d6 2. Nf3 Bg4 3. g3 Nd7 4. Bg2 e5 5. O-O Ngf6 6. c4 Be7 7. Nc3 c6 8. h3 Bxf3 9. exf3 {[%emt 0:02:43] A53: Old Indian Defence without Nf3} O-O {[%emt 0:00:54] LiveBook: 5 Games} 10. f4 exd4 (10... Re8 11. d5 Qc7 12. dxc6 bxc6 13. Be3 a5 14. b3 exf4 15. Bxf4 Nc5 {1-0 (38) Wojtaszek,R (2746)-Bezold,M (2502) Germany 2016}) 11. Qxd4 Re8 12. b3 $146 ({Predecessor:} 12. Be3 Bf8 13. Rad1 a5 14. f5 a4 15. g4 Nc5 16. Rfe1 Nfd7 {0-1 (37) Brodowski,P (2453)-Krasenkow,M (2610) Poland 2016}) 12... Bf8 13. Bb2 a5 14. Rae1 Nc5 15. Rxe8 Qxe8 16. Nd1 d5 17. cxd5 Nxd5 18. Bxd5 cxd5 19. Ne3 $16 Rd8 20. f5 Kh8 21. Rd1 Ne4 22. Rc1 f6 23. Nxd5 Bc5 24. Rxc5 Nxc5 25. Qxc5 Qe1+ 26. Kh2 Qd2 27. Bd4 h6 28. a4 b6 29. Qc4 Qd1 30. Kg2 Qd2 31. Kg1 Qd1+ 32. Kh2 Qd2 33. g4 Qd1 34. Kg3 Qd2 35. f4 Qd1 36. g5 hxg5 37. fxg5 Qe1+ 38. Kh2 Qd2+ 39. Kh1 Qd1+ 40. Kh2 Qd2+ 41. Kh1 Qd1+ 1/2-1/2

[Event "WYCC 2018 O16"]
[Site "Halkidiki"]
[Date "2018.10.24"]
[Round "6"]
[White "Stoleriu, George"]
[Black "O'Donnell, Tom"]
[Result "1-0"]
[ECO "B90"]
[WhiteElo "2362"]
[BlackElo "2332"]
[Annotator "NA"]
[PlyCount "109"]
[EventDate "2018.10.20"]
[EventType "swiss"]
[EventCountry "GRE"]
[SourceTitle "playchess.com"]
[Source "ChessBase"]
[SourceQuality "1"]
[TimeControl "40/5400+30:1800+30"]

1. e4 c5 2. Nf3 d6 3. d4 cxd4 4. Nxd4 Nf6 5. Nc3 a6 6. a4 Nc6 7. Nxc6 {[%emt 0:13:08] B90: Sicilian Najdorf: Unusual White 6th moves, 6 Be3 Ng4 and 6 Be3 e5} (7. Be2 e6 8. O-O Be7 9. Be3 O-O 10. f4 Qc7 11. Kh1 Nxd4 12. Bxd4 e5 13. Be3 exf4 14. Bxf4 Be6 15. Qd3 Nd7 16. Qg3 Ne5 17. Be3 Rfe8 18. Bd4 Bf8 19. Qf2 Rac8 20. Rfd1 g6 21. h3 Bg7 22. Bb6 Qe7 23. Bd4 Rc6 24. a5 {0-1 (49) Movsesian,S (2667)-Navara,D (2732) Czech Republic 2018}) 7... bxc6 8. a5 d5 9. Bd3 e5 {[%emt 0:03:38] LiveBook: 3 Games} 10. O-O Bd6 11. Bg5 Bb7 12. Qf3 h6 13. Bxf6 $146 ({Predecessor:} 13. Bh4 g5 14. Bg3 d4 {½-½ (35) Onischuk,V (2594)-Antal,T (2357) Zalakaros 2014}) 13... Qxf6 14. Qxf6 gxf6 15. Rfd1 O-O-O 16. exd5 cxd5 17. Bf5+ Kb8 18. Nxd5 Bxd5 19. Rxd5 Bb4 20. Bd7 Rhe8 21. Rad1 Re7 22. Bf5 Rxd5 23. Rxd5 Rb7 24. Kf1 Be7 25. b3 $18 Rb5 26. Rd7 Rb7 27. Rxb7+ Kxb7 28. Be4+ Kc7 29. c3 Ba3 30. Ke2 Bc1 31. Kd1 Ba3 32. b4 Bb2 33. Kc2 Ba1 34. Bd5 Kb8 35. Bxf7 Kc7 36. Bc4 Kb7 37. Bd3 Ka7 38. f3 Kb7 39. Kb3 Ka7 40. c4 Bd4 41. c5 Kb7 42. Kc4 Bf2 43. b5 axb5+ 44. Kxb5 h5 45. a6+ Ka7 46. Kc6 h4 47. Kd6 h3 48. gxh3 Kb8 49. c6 Bb6 50. Kd7 f5 51. a7+ Kxa7 52. c7 Bxc7 53. Kxc7 e4 54. fxe4 fxe4 55. Bxe4 1-0

[Event "WYCC 2018 O16"]
[Site "Halkidiki"]
[Date "2018.10.24"]
[Round "6"]
[White "Baenziger, Fabian"]
[Black "Loiacono, Leonardo"]
[Result "1/2-1/2"]
[ECO "A06"]
[WhiteElo "2355"]
[BlackElo "2277"]
[Annotator "NA"]
[PlyCount "61"]
[EventDate "2018.10.20"]
[EventType "swiss"]
[EventCountry "GRE"]
[SourceTitle "playchess.com"]
[Source "ChessBase"]
[SourceQuality "1"]
[TimeControl "40/5400+30:1800+30"]

1. Nf3 d5 2. g3 Bg4 3. Bg2 c6 4. c4 e6 5. cxd5 Bxf3 6. Bxf3 cxd5 7. O-O Nc6 8. d3 Nf6 9. Nc3 Be7 10. Bg2 {[%emt 0:02:00] A11: English Opening: 1...c6} O-O 11. a3 Rc8 12. Bd2 Nd7 13. b4 {[%emt 0:02:08] [#]} a5 $146 ({Predecessor:} 13... Bg5 14. Bxg5 Qxg5 15. Rc1 Qf6 16. e4 dxe4 17. Nxe4 Qe7 {½-½ (75) Benjamin,J (2555)-Morovic Fernandez,I (2565) Buenos Aires 1992}) 14. Na2 Ra8 15. b5 Nd4 16. a4 Nc5 17. Nc1 Bf6 18. Ra2 e5 19. e3 Nde6 20. Nb3 b6 21. Bc1 Rc8 22. Nxc5 Nxc5 23. Ba3 d4 24. e4 Be7 25. f4 Nd7 26. Bxe7 Qxe7 27. Bh3 Rc7 28. Bxd7 Rxd7 {[%emt 0:00:39] [#]} 29. Rc2 (29. f5 $1 $16) 29... exf4 30. gxf4 $11 Rc7 31. Rg2 1/2-1/2

[Event "WYCC 2018 O16"]
[Site "Halkidiki"]
[Date "2018.10.24"]
[Round "6"]
[White "Petriashvili, Nikoloz"]
[Black "Kaasen, Tor Fredrik"]
[Result "1-0"]
[ECO "E07"]
[WhiteElo "2343"]
[BlackElo "2388"]
[Annotator "NA"]
[PlyCount "115"]
[EventDate "2018.10.20"]
[EventType "swiss"]
[EventCountry "GRE"]
[SourceTitle "playchess.com"]
[Source "ChessBase"]
[SourceQuality "1"]
[TimeControl "40/5400+30:1800+30"]

1. d4 Nf6 2. Nf3 e6 3. g3 d5 4. Bg2 Be7 5. O-O O-O 6. c4 Nbd7 7. Nbd2 b6 8. b3 Bb7 9. Bb2 c5 {[%emt 0:03:54] LiveBook: 64 Games} 10. Rc1 Rc8 11. e3 cxd4 12. Nxd4 Nc5 {[%emt 0:00:51] E17: Damenindisch (Hauptfortsetzung)} 13. Qe2 Qd7 14. cxd5 Bxd5 $146 ({Vorgänger:} 14... Ba6 15. dxe6 fxe6 16. Nc4 e5 17. Nf3 Qd3 18. Qe1 Qf5 19. Nfxe5 Ng4 20. Nxg4 Qxg4 21. Qd1 Qg6 22. Qd5+ Kh8 23. Ne5 Qf5 24. g4 Qg5 25. f4 Qh4 26. Nf7+ Rxf7 27. Qxf7 {1-0 (27) Martirosyan,H (2131)-Visveshwar,A (1870) Al Ain 2013}) 15. Nc4 Bxg2 16. Kxg2 b5 17. Ne5 Qd5+ 18. Ndf3 Nce4 19. Rfd1 Qb7 20. Kg1 b4 21. Nd2 Rfd8 22. Rxc8 Rxc8 23. Nxe4 Qxe4 24. Nc4 Qc6 25. Bxf6 Bxf6 26. Rd6 Qb7 27. Qd3 h6 28. e4 Rc7 29. Qe2 Rd7 30. Rxd7 Qxd7 31. Kg2 Bc3 32. h4 g6 33. h5 g5 34. e5 Qd5+ 35. Qf3 Bd4 36. Qxd5 exd5 37. Nd6 Bxe5 38. Nf5 Kf8 39. Kf3 Ke8 40. g4 Kd7 41. Nxh6 Ke6 42. Nf5 Bh8 43. Ke3 a6 44. Nd4+ Kd6 45. Nf3 Bf6 46. Kd3 Ke7 47. Ke2 Kf8 48. Ke3 Ke8 $18 49. Kd3 Ke7 50. h6 Kf8 51. Nd4 Be5 52. Nc6 Bc3 53. a4 Kg8 54. Nb8 a5 55. Nc6 Kh7 56. Nxa5 Kxh6 57. Nc6 Be1 58. Ke2 1-0

[Event "WYCC 2018 O16"]
[Site "Halkidiki"]
[Date "2018.10.24"]
[Round "6"]
[White "Guerra Rivera, Salvador"]
[Black "Juksta, Karolis"]
[Result "1/2-1/2"]
[ECO "C07"]
[WhiteElo "2340"]
[BlackElo "2234"]
[Annotator "NA"]
[PlyCount "119"]
[EventDate "2018.10.20"]
[EventType "swiss"]
[EventCountry "GRE"]
[SourceTitle "playchess.com"]
[Source "ChessBase"]
[SourceQuality "1"]
[TimeControl "40/5400+30:1800+30"]

1. e4 e6 2. d4 d5 3. Nd2 c5 4. Ngf3 Nf6 5. exd5 exd5 6. Bb5+ Bd7 7. Qe2+ Be7 8. dxc5 O-O 9. O-O Re8 10. Nb3 {[%emt 0:11:42] LiveBook: 42 Games} Bxc5 11. Qd3 Bxb5 12. Qxb5 Bb6 13. Bg5 Nbd7 14. Rad1 Qc7 15. c3 Re4 16. Nbd4 Rae8 17. Bh4 a6 18. Qb3 h6 19. Bg3 Qd8 20. Rd2 Nc5 21. Qd1 Bc7 22. Nf5 Bxg3 23. Nxg3 R4e7 24. Nf5 Rd7 25. N3d4 Kh7 26. Re2 g6 27. Rxe8 Qxe8 28. Re1 Qd8 29. Ne3 Qb6 30. Qc2 Ne6 31. Rd1 Qd6 32. Qe2 Ne4 33. f3 Nf4 34. Qe1 Ng5 35. h4 Nge6 36. g3 Nh5 37. f4 Re7 38. Qf2 Nc5 39. Qf3 Ne4 40. Ne2 Qb6 41. Rd4 Nd2 42. Qf2 Qxb2 43. Nxd5 Nf3+ 44. Qxf3 Rxe2 45. Rd1 Qc2 46. Rf1 Qd2 47. g4 Ng3 48. Nf6+ $17 Kg7 49. Qxg3 Kxf6 50. g5+ Kg7 51. f5 hxg5 52. f6+ Kh7 53. hxg5 Qe3+ 54. Qxe3 Rxe3 55. Rd1 Rxc3 56. Rd7 Kg8 57. Rd8+ Kh7 58. Rd7 Kg8 59. Rd8+ Kh7 60. Rd7 1/2-1/2

[Event "WYCC 2018 O16"]
[Site "Halkidiki"]
[Date "2018.10.24"]
[Round "6"]
[White "Olsen, Filip Boe"]
[Black "Gabizon, Eyal"]
[Result "1-0"]
[ECO "E71"]
[WhiteElo "2335"]
[BlackElo "2205"]
[Annotator "NA"]
[PlyCount "67"]
[EventDate "2018.10.20"]
[EventType "swiss"]
[EventCountry "GRE"]
[SourceTitle "playchess.com"]
[Source "ChessBase"]
[SourceQuality "1"]
[TimeControl "40/5400+30:1800+30"]

1. d4 Nf6 2. c4 g6 3. Nc3 Bg7 4. e4 d6 5. h3 O-O 6. Be3 {[%emt 0:00:07] LiveBook: 788 Games} e5 7. d5 a5 8. g4 {[%emt 0:00:31] E71: King's Indian: 4 e4 d6 5 h3} Na6 9. Nge2 Nd7 (9... c6 10. Ng3 Nc5 11. g5 Nfd7 12. h4 cxd5 13. Nxd5 Nb6 14. Nc3 Be6 15. b3 a4 {1-0 (36) Ding,L (2777)-Amonatov,F (2636) Riadh 2017}) 10. Qd2 Nac5 11. Ng3 Nb6 $146 ({Predecessor:} 11... Qe7 12. Nb5 Nf6 13. Bg2 Rd8 14. O-O-O Ne8 15. g5 {½-½ (40) Kijatkin,A-Paushkin,N Bor 2000}) 12. Be2 f5 (12... c6 $16 {might work better.}) 13. gxf5 gxf5 14. Nxf5 Nxe4 15. Nxe4 Bxf5 16. Ng3 Qh4 17. Rc1 Bg6 $14 18. Bg4 h6 19. c5 dxc5 20. Rxc5 Qe7 21. Qc1 Qd6 22. Be6+ Kh7 23. h4 c6 24. h5 Bd3 25. Qd2 Bb1 26. Qd1 Bxa2 27. Nf5 Qd8 28. Rg1 Rxf5 29. Bxf5+ Kh8 30. Qg4 Qf6 31. dxc6 bxc6 32. Rxc6 Qf8 33. Rxb6 Bg8 34. Bxh6 1-0